cohdb
Replays
Latest Replays
All Replays
Popular Replays
Top Player Replays
Match Explorer
How It Works
Community
CoH3 Stats
Reddit
Sign in to upload your games and track your stats! →
Sign in with Steam
Match 46046195
Unlisted
Match 46046195
Overview
Messages
Build Orders
End
Scout Squad
Construct Weapon Support Center
Selects Airborne Battlegroup
Selects Airborne Battlegroup
Selects Pathfinders
M1919 Machine Gun Team
M1919 Machine Gun Team
Mechanized Support Center
Selects Paratrooper Squad Paradrop
Paratrooper Squad Paradrop
M3 Armored Personnel Carrier
Construct Medical Station
Paratrooper Squad Paradrop
Engineer Squad
Designate Forward Repair Station
Construct Tank Depot
Selects Smoke Bombing Run
Selects Anti-tank Gun Team Paradrop
Luck
4-in-1 Petrol lawnmower
T.R. Olvadi
Nico-Nico-Nii~~
0
0
Comments
sign in to comment!
No comments posted yet!